AoeStats
← Iaguinho Ohh+ Brabo

Nomad

508749790Analyzed
3v3 RM · 9d ago on Sep 23, 2026· 55m 57s· 6 players
Game mode
Random Map
Map size
210×210
Population
200
Speed
Normal
Resources
Standard
Victory
Conquest
Starting age
Dark Age
Ending age
Imperial Age
RankedLock teamsTeams togetherTeam positionsShared explorationLock speedFull tech treeHidden civsTurbo modeCheats
Victory
Defeat
🇦🇷 Cumans · Argentina
913
+13
🇧🇴 Mongols · Bolivia
873
+14
🇪🇸 Sicilians · Spain
867
+15
🇺🇸 Danes · United States
839
-14
🇧🇷 Sicilians · Brazil
838
-14
🇵🇪 Maya · Peru
835
-14
albertondt
12:35 Loom
15:14 Feudal Age
26:01 Fletching
31:12 Castle Age
30:36 Scale Mail Armor
38:57 Forging
39:03 Chain Mail Armor
40:47 Wheelbarrow
43:47 Town Watch
45:56 Iron Casting
50:23 Imperial Age
51:19 Hand Cart
51:46 Plate Mail Armor
51:00 Horse Collar
51:16 Elite Serjeant
54:00 Blast Furnace
55:18 Conscription
55:24 Conscription
prendetese
9:51 Loom
16:45 Feudal Age
19:30 Double-Bit Axe
19:44 Fishing Lines
22:23 Bloodlines
23:00 Bloodlines
24:05 Gold Mining
24:07 Stone Mining
30:37 Castle Age
29:15 Wheelbarrow
28:26 Town Watch
38:20 Bow Saw
38:03 Capped Ram
DeMoTiX
9:17 Loom
15:22 Feudal Age
17:21 Fishing Lines
18:01 Man-at-Arms
22:32 Double-Bit Axe
23:52 Wheelbarrow
24:18 Arson
24:59 Bloodlines
25:58 Gold Mining
26:51 Scale Barding Armor
30:26 Castle Age
31:22 Husbandry
33:27 Fletching
33:57 Chain Barding Armor
33:00 Pikeman
33:55 Gillnets
41:07 Imperial Age
43:27 Hand Cart
44:41 Long Swordsman
48:12 Drill
49:36 Bow Saw
49:53 Elite Steppe Lancer
53:53 Capped Ram
54:12 Elite Mangudai
54:57 Heavy Scorpion
Saw McGraw
9:15 Loom
13:42 Feudal Age
15:40 Double-Bit Axe
16:44 Man-at-Arms
Iaguinho Ohh+ Brabo
14:41 Feudal Age
Atila
6:21 Loom
18:42 Feudal Age
19:36 Gold Mining
19:37 Stone Mining
19:35 Double-Bit Axe
20:22 Fishing Lines
26:06 Castle Age
26:09 Wheelbarrow
27:34 Bow Saw
27:36 Squires
26:57 Eagle Warrior
28:11 Scale Mail Armor
28:22 Forging
30:48 Imperial Age
28:27 Arson
30:37 Iron Casting
30:17 Chain Mail Armor
30:19 Horse Collar
31:19 Fortified Wall
31:31 Heavy Plow
31:56 Conscription
32:51 Hand Cart
34:25 Blast Furnace
34:11 Plate Mail Armor
35:56 Holcans
35:54 Gillnets
37:53 Chemistry
36:50 Murder Holes
37:37 Elite Eagle Warrior
39:25 Fletching
Connection lost

Rejoining the realm…

Still unreachable

The connection could not be restored.

Session expired

The server has moved on; the page needs a fresh start.